 Dungeon Crawl Stone Soup version 0.25.0-11-g1f837a76a1 (webtiles) character file.

Game seed: 17540007691875527458

922 grindst0ne the Sneak (level 7, -5/32 HPs)
             Began as a Spriggan Enchanter on June 26, 2020.
             Was a Follower of Dithmenos.
             Slain by an orc wizard
             ... wielding a +0 dagger of electrocution
              (14 damage)
             ... on level 5 of the Dungeon.
             The game lasted 00:13:29 (7254 turns).

grindst0ne the Sneak (Spriggan Enchanter)           Turns: 7254, Time: 00:13:30

Health: -5/32      AC:  2    Str:  4    XL:     7   Next: 84%
Magic:  10/16      EV: 22    Int: 18    God:    Dithmenos [*.....]
Gold:   201        SH:  5    Dex: 17    Spells: 10/16 levels left

rFire    . . .     SeeInvis +   v - +1 dagger (venom)
rCold    . . .     Gourm    .   (shield restricted)
rNeg     . . .     Faith    .   b - +0 robe
rPois    .         Spirit   .   (helmet restricted)
rElec    .         Reflect  +   (no cloak)
rCorr    .         Harm     .   (gloves unavailable)
MR       +....                  (boots unavailable)
Stlth    ++++......             g - amulet of reflection
HPRegen  0.10/turn              (no ring)
MPRegen  0.15/turn              (no ring)

@: very slightly contaminated, wreathed by umbra, very quick
A: very small, unfitting armour, see invisible, herbivore, speed 3, slow
metabolism 2
a: Renounce Religion


You were on level 5 of the Dungeon.
You worshipped Dithmenos.
Dithmenos was aware of your devotion.
You were near starving.

You visited 2 branches of the dungeon, and saw 6 of its levels.

You collected 201 gold pieces.

Inventory:

Hand Weapons
 v - a +1 dagger of venom (weapon)
Missiles
 w - 18 poisoned darts (quivered)
Armour
 b - a +0 robe (worn)
Jewellery
 g - an amulet of reflection (around neck)
 A - an uncursed amulet of the acrobat {unknown}
Wands
 u - a wand of enslavement (12)
Scrolls
 c - 3 scrolls of identify {unknown}
 e - 2 scrolls of magic mapping {unknown}
 f - a scroll of immolation {unknown}
 h - 6 scrolls of teleportation {unknown}
 j - 2 scrolls of remove curse {unknown}
 l - a scroll of noise {unknown}
 n - a scroll of fog {unknown}
 s - a scroll of amnesia {unknown}
 x - a scroll of enchant weapon {unknown}
 y - a scroll of enchant armour {unknown}
Potions
 a - a potion of degeneration {unknown}
 i - a potion of ambrosia {unknown}
 k - a potion of brilliance {unknown}
 m - a potion of resistance {unknown}
 o - a potion of haste {unknown}
 p - a potion of magic {unknown}
 q - 2 potions of lignification {unknown}
 r - 2 potions of cancellation
 t - 4 potions of curing {unknown}
 z - a potion of stabbing {unknown}
Comestibles
 d - 5 rations


   Skills:
 - Level 1.1 Short Blades
 + Level 6.6 Dodging
 + Level 7.9 Stealth
 + Level 5.4 Spellcasting
 + Level 6.2 Hexes
 - Level 1.0 Ice Magic
 + Level 3.4 Evocations


You had 10 spell levels left.
You knew the following spells:

 Your Spells              Type           Power        Failure   Level  Hunger
a - Corona                Hex            ####...      1%          1    None
b - Ensorcelled Hibernat  Hex/Ice        ###...       4%          2    #......
c - Confusing Touch       Hex            ####....     3%          3    ##.....

Your spell library contained the following spells:

 Spells                   Type           Power        Failure   Level  Hunger
 Tukima's Dance           Hex            ####....     3%          3    ##.....
 Dazzling Flash           Conj/Hex       ###...       11%         3    ##.....


Dungeon Overview and Level Annotations

Branches:
Dungeon (5/15)             Temple (1/1) D:4

Altars:
Dithmenos
Elyvilon
Hepliaklqana
Kikubaaqudgha
Makhleb
Nemelex Xobeh
Okawaru
Qazlal
Uskayaw
Vehumet
The Shining One


Innate Abilities, Weirdness & Mutations

You are very small and have problems with some larger weapons.
You are too small for most types of armour.
You have supernaturally acute eyesight. (SInv)
You are a herbivore.
You cover ground extremely quickly.
You need to consume almost no food.


Message History

Confirm with . or Enter, or press ? or * to list all spells.
Aiming: Ensorcelled Hibernation (safe; 4% risk of failure)
Press: ? - help, Shift-Dir - straight line, f/p - orc priest
Aim: an orc priest, wielding a +0 flail and wearing a +0 scale mail (chance to defeat MR: 48%)
The orc priest looks drowsy...
The helpless orc priest fails to defend itself.
You impale the orc priest!!
You kill the orc priest!
Dithmenos accepts your kill.
You are shrouded in an aura of darkness!
Casting: Ensorcelled Hibernation (safe; 4% risk of failure)
Confirm with . or Enter, or press ? or * to list all spells.
Aiming: Ensorcelled Hibernation (safe; 4% risk of failure)
Press: ? - help, Shift-Dir - straight line, f - orc wizard
Aim: an orc wizard, wielding a +0 dagger of electrocution and wearing a +0 robe (slightly transparent, umbra, chance to defeat MR: 49%)
The orc wizard resists with some effort.
The orc wizard hits you with a +0 dagger of electrocution.
* * * LOW HITPOINT WARNING * * *
You are electrocuted!
You die...

#...# #...#
#...# ##.##
#.# #.# #.#
#.# #@#
#########o#
#.......o.#
#.#########
#.# #.# #.#
#<# # #.#


You could see 2 orc wizards.

Vanquished Creatures
  An ogre (D:5)
  A centaur (D:5)
  3 orc priests
  12 orc wizards
  Terence (D:3)
  A bullfrog skeleton (D:5)
  4 worker ants
  4 gnolls (D:2)
  5 adders
  An adder skeleton (D:5)
  3 worms
  4 leopard geckos
  15 orcs
  2 ball pythons
  7 bats
  4 giant cockroaches
  2 goblins
  6 hobgoblins
  10 jackals
  5 kobolds
  A quokka (D:2)
  9 frilled lizards
  7 rats
108 creatures vanquished.

Notes
Turn   | Place    | Note
-------+----------+-------------------------------------------
     0 | D:1      | grindst0ne the Spriggan Enchanter began the quest for the
                  | Orb.
     0 | D:1      | Reached XP level 1. HP: 9/9 MP: 5/5
   439 | D:1      | Reached XP level 2. HP: 13/13 MP: 4/6
   513 | D:1      | Learned a level 2 spell: Ensorcelled Hibernation
   705 | D:1      | Reached skill level 5 in Stealth
  1072 | D:1      | Reached XP level 3. HP: 16/16 MP: 2/8
  1925 | D:2      | Learned a level 3 spell: Confusing Touch
  2256 | D:2      | Found a glowing golden altar of the Shining One.
  2286 | D:2      | Reached XP level 4. HP: 21/21 MP: 1/9
  2908 | D:2      | Reached skill level 6 in Stealth
  2908 | D:2      | Reached XP level 5. HP: 24/24 MP: 4/11
  3799 | D:3      | Reached skill level 5 in Dodging
  3799 | D:3      | Reached skill level 5 in Hexes
  4031 | D:3      | Noticed Terence
  4038 | D:3      | Killed Terence
  4405 | D:4      | Reached skill level 1 in Ice Magic
  4405 | D:4      | Reached XP level 6. HP: 21/28 MP: 6/13
  4631 | D:4      | Found a staircase to the Ecumenical Temple.
  4645 | Temple   | Entered the Ecumenical Temple
  4818 | Temple   | Became a worshipper of Dithmenos the Shadowed
  5001 | D:4      | Reached skill level 1 in Evocations
  5111 | D:4      | Reached skill level 7 in Stealth
  5690 | D:4      | Reached XP level 7. HP: 8/32 MP: 8/15
  6690 | D:5      | Entered Level 5 of the Dungeon
  6697 | D:5      | Reached skill level 5 in Spellcasting
  7253 | D:5      | Reached * piety under Dithmenos
  7254 | D:5      | Slain by an orc wizard

Illustrated notes

Levels and vault maps discovered:
D:1:      scummos_arrival_star, layout_loops_corners,
          corexii_item_surrounded_by_moat
D:2:      layout_basic, nicolae_overflow_hidden_temple
D:3:      layout_basic, first_ration, uniq_terence
D:4:      wad_pebble_path, layout_basic, minmay_temple_entry_ruins,
          lemuel_another_geyser
D:5:      layout_loops_ring, chequers_serial_rivers_room_b
Temple:   regret_index_temple_generic_petals

Skill      XL: |  1  2  3  4  5  6  7 |
---------------+----------------------+-----
Hexes          | 4 5 6 |  6.2
Stealth        | 5 6 7 |  7.9
Dodging        | 4 5 6 |  6.6
Spellcasting   | 3 4 5 |  5.4
Ice Magic      | 1 |  1.0
Evocations     | 1 3 |  3.4
Short Blades   | |  1.1

Action                   |  1- 3 |  4- 6 |  7- 9 || total
-------------------------+-------+-------+-------++-------
Melee: Dagger            |   139 |    97 |    34 ||   270
 Cast: Corona            |    12 |       |       ||    12
       Ensorcelled Hiber |    25 |    53 |    40 ||   118
       Confusing Touch   |       |       |     4 ||     4
  Use: Potion            |       |     1 |       ||     1
 Stab: Distracted        |     1 |     1 |       ||     2
       Sleeping          |    17 |    43 |    20 ||    80
       Confused          |       |       |     2 ||     2
  Eat: Ration            |       |     2 |     1 ||     3
Armor: Robe              |    14 |     7 |     1 ||    22
Dodge: Dodged            |   131 |    59 |    32 ||   222
Block: Other             |     5 |    13 |    12 ||    30
